 Dungeon Crawl Stone Soup version 0.27-a0-1065-ge809cff456 (webtiles) character file.

Game seed: 10646790906922750843

258 tilp the Sneak (level 6, 0/33 HPs)
             Began as a Vine Stalker Brigand on Apr 22, 2021.
             Slain by Grinder (4 damage)
             ... on level 4 of the Dungeon.
             The game lasted 00:04:15 (2672 turns).

tilp the Sneak (Vine Stalker Brigand)               Turns: 2672, Time: 00:04:16

Health: 0/33       AC:  7    Str: 13    XL:     6   Next: 16%
Magic:  0/7        EV: 10    Int: 11    God:
Gold:   109        SH:  0    Dex: 18    Spells: 5/5 levels left

rFire    . . .     SeeInvis .   a - +2 dagger (venom)
rCold    + . .     Faith    .   (no shield)
rNeg     . . .     Spirit   +   g - +1 ring mail {rPois}
rPois    +         Reflect  .   (no helmet)
rElec    .         Harm     .   c - +0 cloak
rCorr    .         Rampage  .   (no gloves)
Will     .....                  (no boots)
Stlth    ++........             (no amulet)
HPRegen  1.11/turn              i - ring of protection from cold
MPRegen  0.10/turn              (no ring)

@: no status effects
A: fangs 2, regeneration 1, magic shield, antimagic bite, no potion heal 2
a: no special abilities


You were on level 4 of the Dungeon.
You visited 1 branch of the dungeon, and saw 4 of its levels.

You collected 109 gold pieces.

Inventory:

Hand Weapons
 a - a +2 dagger of venom (weapon)
 b - a +2 dagger
Missiles
 d - 7 poisoned darts (quivered)
 e - 2 curare-tipped darts {!f}
Armour
 c - a +0 cloak (worn)
 f - a +0 scale mail
 g - a +1 ring mail of poison resistance (worn)
 m - a +0 chain mail
Jewellery
 i - a ring of protection from cold (left hand)
Potions
 h - a potion of brilliance {unknown}
 j - a potion of flight
 k - a potion of resistance {unknown}
 l - a potion of lignification {unknown}


   Skills:
 - Level 4.0 Fighting
 + Level 4.1 Short Blades
 - Level 1.7 Throwing
 + Level 1.1 Dodging
 + Level 5.1 Stealth


You had 5 spell levels left.
You didn't know any spells.
Your spell library was empty.

Dungeon Overview and Level Annotations

Branches:
Dungeon (4/15)
 Temple: D:4-7

Altars:

Annotations:
D:4 Grinder


Innate Abilities, Weirdness & Mutations

You have extremely sharp teeth.
Your natural rate of healing is unusually fast.
When hurt, damage is shared between your health and your magic reserves.
Your bite disrupts and absorbs the magic of your enemies.
Potions cannot restore your health.


Message History

You hit Grinder. You bite Grinder.
Grinder's magic leaks into the air.
You drain her magic.
You feel invigorated.
Grinder is moderately wounded.
Grinder hits you but does no damage.
You barely miss Grinder.
Grinder is moderately wounded.
Grinder gestures at you. Pain shoots through your body!
You are too injured to fight recklessly!
You are too injured to fight recklessly!
Unknown command.
You hit Grinder.
Grinder looks even sicker.
You bite Grinder, but do no damage.
Grinder is heavily wounded.
Grinder hits you!
* * * LOW HITPOINT WARNING * * *
You writhe in agony.
* * * LOW HITPOINT WARNING * * *
You barely miss Grinder.
Grinder is severely wounded.
Grinder hits you.
* * * LOW HITPOINT WARNING * * *
You writhe in agony.
* * * LOW HITPOINT WARNING * * *
Unknown command.
You hit Grinder.
Grinder looks as sick as possible!
You bite Grinder, but do no damage.
Grinder is severely wounded.
You hit Grinder. Your bite misses Grinder.
Grinder is severely wounded.
Grinder falters for a moment.
Unknown command.
You closely miss Grinder. Your bite misses Grinder.
Grinder is severely wounded.
Grinder barely misses you.
You hit Grinder. You bite Grinder, but do no damage.
Grinder is almost dead.
Grinder hits you.
* * * LOW HITPOINT WARNING * * *
You writhe in agony.
You die...

####
########..######
##.....#...##...#
#......##..##.@.#
#......##..##..5#
##.....#....#...#
#.....##...#(..#
#.....##..##...#
#.....##..##...##
#......#..#.....#
####......#..'...<.#
...#.....)'..#.....#


You could see Grinder (extremely poisoned).

Vanquished Creatures
  A water moccasin zombie (D:3)
  An orc priest (D:3)
  A bullfrog skeleton (D:3)
  Robin (D:4)
  4 adders
  2 worms (D:2)
  A dart slug (D:1)
  6 orcs (D:3)
  5 ball pythons
  2 bats (D:1)
  8 endoplasms
  3 giant cockroaches
  11 goblins
  10 hobgoblins
  3 jackals (D:2)
  2 quokkas
  2 frilled lizards
  10 kobolds
  6 rats
79 creatures vanquished.

Notes
Turn   | Place    | Note
-------+----------+-------------------------------------------
     0 | D:1      | tilp the Vine Stalker Brigand began the quest for the Orb.
     0 | D:1      | Reached XP level 1. HP: 11/11 MP: 2/2
    86 | D:1      | Reached XP level 2. HP: 15/15 MP: 3/3
   611 | D:1      | Reached XP level 3. HP: 19/19 MP: 4/4
  1315 | D:2      | Gained mutation: Your natural rate of healing is unusually
                  | fast. [Vine Stalker growth]
  1315 | D:2      | Reached XP level 4. HP: 23/23 MP: 5/5
  1727 | D:2      | Identified a scroll of acquirement
  1727 | D:2      | Acquired a +1 ring mail of poison resistance
  1993 | D:3      | Reached XP level 5. HP: 24/28 MP: 2/6
  2548 | D:4      | Reached skill level 1 in Dodging
  2548 | D:4      | Reached XP level 6. HP: 33/33 MP: 7/7
  2575 | D:4      | Noticed Robin
  2588 | D:4      | Reached skill level 5 in Stealth
  2619 | D:4      | Killed Robin
  2651 | D:4      | Noticed Grinder
  2672 | D:4      | Slain by Grinder

Illustrated notes

Levels and vault maps discovered:
D:1:      dpeg_arrival_solitude, layout_rooms, minmay_misc_feat_cross,
          hex_intersection
D:2:      layout_basic, serial_corexii_hall, corexii_hall_statues_i,
          corexii_hall_statues_u, corexii_hall_statues_t,
          chequers_hall_statues_corner_a, bh_walls_and_bars
D:3:      layout_loops_ring
D:4:      cheibrodos_fertilizer, layout_gridville, uniq_crazy_yiuf_cottage,
          uniq_robin, uniq_grinder

Skill      XL: |  1  2  3  4  5  6 |
---------------+-------------------+-----
Fighting       | 2 3 4 |  4.0
Short Blades   | 2 3 4 |  4.1
Dodging        | 1 |  1.1
Stealth        | 5 |  5.1
Throwing       | |  1.7

Action                   |  1- 3 |  4- 6 || total
-------------------------+-------+-------++-------
Melee: Dagger            |    73 |   145 ||   218
       Bite              |    18 |    46 ||    64
Throw: Dart              |     7 |     3 ||    10
  Use: Scroll            |     3 |     4 ||     7
 Stab: Sleeping          |     5 |     4 ||     9
       Distracted        |       |     1 ||     1
Armor: Robe              |     3 |       ||     3
       Scale mail        |    20 |     6 ||    26
       Ring mail         |       |    32 ||    32
Dodge: Dodged            |    19 |    36 ||    55

Table legend: (Time is in decaauts)
 A = Elapsed time spent in this place.
 B = Non-inter-level travel time spent in this place.
 C = Inter-level travel time spent in this place.
 D = Time resting spent in this place.
 E = Time spent auto-exploring this place.
 F = Levels seen in this place.
 G = Mean time per level.
                   A        B        C        D        E       F      G
               +--------+--------+--------+--------+--------+-----+--------+
         Total |   2635 |   2581 |     54 |      5 |   2069 |   4 |  658.8 |
       Dungeon |   2635 |   2581 |     54 |      5 |   2069 |   4 |  658.8 |
               +--------+--------+--------+--------+--------+-----+--------+

Top non-repeatable levels by time:
     D:2: 916 daAuts
     D:1: 823 daAuts
     D:3: 763 daAuts
     D:4: 132 daAuts
